 Dungeon Crawl Stone Soup version 0.29.1-1-gd02db6906a (webtiles) character file.

Game seed: 2102693497303962569

735 Sabo the Chopper (level 7, 0/44 HPs)
             Began as a Gargoyle Fighter on Oct 21, 2022.
             Slain by a wight
             ... wielding a +0 scimitar
              (11 damage)
             ... on level 5 of the Dungeon on Oct 22, 2022.
             The game lasted 00:40:55 (5308 turns).

Sabo the Chopper (Gargoyle Fighter)                 Turns: 5308, Time: 00:40:57

Health: 0/44       AC: 18    Str: 22    XL:     7   Next: 74%
Magic:  7/7        EV:  8    Int:  8    God:
Gold:   260        SH:  4    Dex:  9    Spells: 6/6 levels left

rFire   . . .      SeeInvis .   a - +1 war axe
rCold   . . .      Faith    .   c - +0 buckler
rNeg    + . .      Spirit   .   l - +0 chain mail
rPois   ∞          Reflect  .   f - +1 helmet
rElec   +          Harm     .   (no cloak)
rCorr   .          Rampage  .   (no gloves)
Will    .....                   m - +0 pair of boots
Stlth   ..........              p - amulet of magic regeneration
HPRegen 0.14/turn               (no ring)
MPRegen 0.50/turn               (no ring)

@: no status effects
A: sickness immunity, AC +4, negative energy resistance 1, electricity
resistance, torment resistance 1, petrification resistance
a: no special abilities


You were on level 5 of the Dungeon.
You visited 1 branch of the dungeon, and saw 5 of its levels.
You also visited: Sewer.

You collected 260 gold pieces.

Inventory:

Hand Weapons
 a - a +1 war axe (weapon)
 t - a +2 whip of electrocution
Armour
 c - a +0 buckler (worn)
 f - a +1 helmet (worn)
 l - a +0 chain mail (worn)
 m - a +0 pair of boots (worn)
Jewellery
 p - an amulet of magic regeneration (around neck)
Scrolls
 e - 4 scrolls of teleportation
 g - 5 scrolls of fear
 o - a scroll of fog
 q - a scroll of silence {unknown}
 v - a scroll of vulnerability {unknown}
Potions
 b - a potion of invisibility {unknown}
 d - 4 potions of might
 i - a potion of resistance
 j - 2 potions of curing {unknown}
 k - 2 potions of heal wounds {unknown}
 n - 4 potions of lignification {unknown}
 r - a potion of magic {unknown}
 s - 2 potions of degeneration {unknown}
 u - a potion of haste {unknown}


   Skills:
 + Level 5.1 Fighting
 + Level 5.3 Axes
 + Level 4.9 Armour
 + Level 1.3 Dodging
 + Level 1.0 Stealth
 + Level 4.3 Shields


You had 6 spell levels left.
You didn't know any spells.
Your spell library contained the following spells:

 Spells                   Type           Power      Damage    Failure   Level
 Apportation              Tloc           0%         N/A       99%         1
 Magic Dart               Conj           0%         1d3       99%         1
 Blink                    Tloc           0%         N/A       100%        2
 Searing Ray              Conj           0%         2d4       100%        2
 Wereblood                Tmut           0%         N/A       100%        2
 Ignite Poison            Fire/Tmut/Pois 0%         N/A       100%        3
 Mephitic Cloud           Conj/Pois/Air  0%         N/A       100%        3
 Fulminant Prism          Conj/Hex       0%         3d6       100%        4
 Alistair's Intoxication  Tmut/Pois      0%         N/A       100%        5
 Freezing Cloud           Conj/Ice/Air   0%         6-21      100%        5
 Manifold Assault         Tloc           0%         N/A       100%        5
 Storm Form               Tmut/Air       0%         N/A       100%        7
 Summon Hydra             Summ           0%         N/A       100%        7
 Sublimation of Blood     Necr           Unusable   N/A       N/A         2

Dungeon Overview and Level Annotations

Branches:
Dungeon (5/15)              Sewer (visited)
 Temple: D:4-7

Altars:
Cheibriados
Fedhas
Ru
Sif Muna

Shops:
D:2 =(


Innate Abilities, Weirdness & Mutations

You are immune to sickness and miasma.
Your stone body is resilient. (AC +4)
You are immune to poison.
You resist negative energy. (rN+)
You are resistant to electric shocks. (rElec)
You are resistant to unholy torment.
You are immune to petrification.


Message History

g - 5 scrolls of fear (gained 1)
A sourceless malevolence fills the Dungeon... and a teleportation trap spontaneously manifests!
You are yanked towards some nearby monsters!
Your surroundings suddenly seem different. 2 wights come into view.
Found 9 gold pieces.
A wight comes into view. It is wielding a +3 vorpal morningstar.
The wight barely misses you.
A wight comes into view. It is wielding a +0 scimitar.
The wight hits you with a +0 falchion.
You slash the wight!
The wight is heavily damaged.
You hit the wight but do no damage. The wight barely misses you.
The wight hits you but does no damage. x2
You slash the wight!
You destroy the wight!
You hit the wight but do no damage. You slash the wight!
The wight hits you but does no damage.
The wight hits you with a +3 vorpal morningstar.
Your Fighting skill increases to level 5!
The wight hits you with a +0 falchion! The wight hits you but does no damage.
Things that are here:
a +0 falchion; a +0 robe You barely miss the wight.
The wight is heavily damaged.
You completely miss the wight.
The wight hits you with a +3 vorpal morningstar!
* * * LOW HITPOINT WARNING * * *
The wight closely misses you.
You hit the wight but do no damage.
The wight is heavily damaged.
You closely miss the wight. The wight hits you but does no damage.
You block the wight's attack.
You barely miss the wight.
The wight is heavily damaged.
You hit the wight. You barely miss the wight. The wight closely misses you.
The wight barely misses you. The wight hits you with a +0 falchion.
* * * LOW HITPOINT WARNING * * *
The wight hits you with a +0 scimitar!
You die...

######
##....#
#....$#
#.z..##
#.z@##
##z.#
.....
#....#..
......
...
.......
....
...###.
.....
... ..
......


You could see 3 wights.

Vanquished Creatures
  An ogre (D:2)
  2 bullfrogs (Sewer)
  A scorpion (D:4)
  A wight (D:5)
  An orc priest (D:4)
  2 orc wizards
  A mummy (D:3)
  Robin (D:3)
  6 gnolls
  10 adders
  4 river rats (Sewer)
  A shadow imp (D:5)
  A worm (D:4)
  10 orcs
  9 bats
  An endoplasm (D:1)
  4 giant cockroaches
  12 goblins
  10 hobgoblins
  7 kobolds
  6 quokkas
  15 ball pythons
  13 frilled lizards
  25 rats
144 creatures vanquished.

Notes
Turn   | Place    | Note
-------+----------+-------------------------------------------
     0 | D:1      | Sabo the Gargoyle Fighter began the quest for the Orb.
     0 | D:1      | Reached XP level 1. HP: 14/14 MP: 1/1
   307 | D:1      | Reached XP level 2. HP: 17/19 MP: 2/2
  1157 | D:2      | Reached XP level 3. HP: 23/24 MP: 3/3
  1186 | D:2      | Found Effeiq's Jewellery Shoppe.
  1186 | D:2      | Noticed an ogre
  1192 | D:2      | Killed an ogre
  1193 | D:2      | Reached XP level 4. HP: 15/29 MP: 4/4
  1195 | D:2      | Reached XP level 5. HP: 18/33 MP: 5/5
  1560 | D:2      | Found Fearhige's Antique Weapon Boutique.
  1939 | D:3      | Noticed Robin
  1950 | D:3      | Killed Robin
  2215 | D:3      | Found a sacrificial altar of Ru.
  2483 | D:3      | Reached XP level 6. HP: 38/38 MP: 6/6
  3061 | D:3      | Found a snail-covered altar of Cheibriados.
  3397 | D:3      | Found a blossoming altar of Fedhas.
  3589 | D:4      | Found a glowing drain.
  3596 | Sewer    | Entered a sewer
  3807 | Sewer    | Reached XP level 7. HP: 29/44 MP: 7/7
  3808 | Sewer    | Reached skill level 1 in Dodging
  4061 | Sewer    | Reached skill level 5 in Axes
  4068 | Sewer    | HP: 2/44 [bullfrog (5)]
  4991 | D:4      | Reached skill level 1 in Stealth
  5190 | D:5      | Entered Level 5 of the Dungeon
  5190 | D:5      | Found a shimmering blue altar of Sif Muna.
  5305 | D:5      | Reached skill level 5 in Fighting
  5308 | D:5      | Slain by a wight

Illustrated notes

Levels and vault maps discovered:
D:1:      dpeg_arrival_arbitrary_c, layout_loops_cross, reono_crystal_passage
D:2:      layout_basic, serial_shops, shop, nicolae_shop_window_shopping
D:3:      layout_loops_ring, slow_altar_2, nicolae_ru_great_annihilating_truth,
          fedhas_altar_fruit_tree, chequers_serial_rivers_small_b, uniq_robin
D:4:      layout_cave_pools, gup_sewer_entry_bubbles
D:5:      layout_cave_pools, nicolae_sif_muna_condensation

Skill      XL: |  1  2  3  4  5  6  7 |
---------------+----------------------+-----
Axes           | 2 3 4 5 |  5.3
Fighting       | 4 5 |  5.1
Armour         | 4 |  4.9
Shields        | 4 |  4.3
Dodging        | 1 |  1.3
Stealth        | 1 |  1.0

Action                   |  1- 3 |  4- 6 |  7- 9 || total
-------------------------+-------+-------+-------++-------
Melee: War axe           |    66 |   211 |    76 ||   353
  Use: Scroll            |     2 |     7 |     1 ||    10
 Stab: Paralysed         |       |     1 |       ||     1
Armor: Scale mail        |    51 |       |       ||    51
       Chain mail        |     3 |   177 |   107 ||   287
Dodge: Dodged            |    39 |    88 |    40 ||   167
Block: Buckler           |    18 |    56 |    31 ||   105
